 Dungeon Crawl Stone Soup version 0.20-a0-958-g783e32d (webtiles) character file.

39 Angani the Sneak (level 3, 0/26 HPs)
             Began as an Octopode Fighter on Apr 6, 2017.
             Slain by an orc priest
             ... wielding a +0 flail
              (2 damage)
             ... on level 3 of the Dungeon.
             The game lasted 00:02:08 (1170 turns).

Angani the Sneak (Octopode Fighter)                 Turns: 1170, Time: 00:02:08

Health: 0/26       AC:  1    Str: 15    XL:     3   Next: 45%
Magic:  3/3        EV: 11    Int: 11    God:
Gold:   42         SH:  8    Dex: 11    Spells: 2/2 levels left

rFire    . . .     SeeInvis .   a - +0 rapier
rCold    . . .     Gourm    .   b - +0 shield
rNeg     . . .     Faith    .   (helmet restricted)
rPois    .         Spirit   .   (no amulet)
rElec    .         Reflect  .   (no ring)
rCorr    .         Harm     .   (no ring)
MR       .....                  (no ring)
Stlth    +++.......             (no ring)
Regen    0.1/turn               (no ring)
MPRegen  0.1/turn               (no ring)
                                (no ring)
                                (no ring)

@: no status effects
A: almost no armour, stealthy swim, amphibious, 8 rings, constrict 8, camouflage
1, gelatinous body 1
a: no special abilities


You were on level 3 of the Dungeon.
You were hungry.

You visited 1 branch of the dungeon, and saw 3 of its levels.

You collected 42 gold pieces.

Inventory:

Hand Weapons
 a - a +0 rapier (weapon)
Armour
 b - a +0 shield (worn)
Scrolls
 e - a scroll of identify
 f - a scroll of teleportation
 i - a scroll of enchant armour {unknown}
Potions
 c - a potion of might
 j - 2 potions of curing
Comestibles
 d - a bread ration
 g - a meat ration
 h - 6 fruits


   Skills:
 - Level 3.0 Fighting
 - Level 2.0 Short Blades
 - Level 3.0 Dodging
 + Level 4.4 Stealth
 - Level 3.0 Shields


You had 2 spell levels left.
You didn't know any spells.

Dungeon Overview and Level Annotations

Branches:
Dungeon (3/15)

Altars:
Xom

Annotations:
D:2 Jessica, Robin


Innate Abilities, Weirdness & Mutations

You cannot wear most types of armour.
You are very stealthy in the water. (Stealth+)
You are amphibious.
You can wear up to eight rings at the same time.
You can use your tentacles to constrict eight enemies at once.
Your skin changes colour to match your surroundings (Stealth+).
Your rubbery body absorbs attacks. (AC +1, EV +1)


Message History

The orc priest hits you with a flail! The orc hits you.
The orc priest hits you but does no damage.
An orc priest comes into view. It is wielding a dagger.
You barely miss the orc priest. Your grab misses the orc priest.
You squeeze the orc priest, but do no damage.
The orc priest is lightly wounded.
The orc priest hits you with a flail!
* * * LOW HITPOINT WARNING * * *
The orc completely misses you. The orc priest barely misses you.
Unknown command.
You closely miss the orc priest. Your grab misses the orc priest.
The orc priest is lightly wounded.
You hear the quick rusting of a drain nearby.
The orc priest begins to cast a cantrip, but forgets the words!
The orc hits you but does no damage.
The orc priest calls down the wrath of Beogh upon you.
Pain shoots through your body!
* * * LOW HITPOINT WARNING * * *
The orc priest hits you with a flail.
You die...

### ..# #>#
###.##########
#.oo.........#
#@########.#
#o.........#
##########.#
#.# #.# #.#
#.# #.# #.#


You could see 2 orc priests and an orc.

Vanquished Creatures
  A worm (D:3)
  2 dart slugs (D:1)
  A leopard gecko (D:2)
  2 orcs (D:3)
  2 giant cockroaches
  A goblin (D:3)
  4 hobgoblins
  A ball python (D:3)
  5 bats
  5 frilled lizards (D:1)
  4 kobolds
  2 rats (D:1)
30 creatures vanquished.

Notes
Turn   | Place    | Note
-------+----------+-------------------------------------------
     0 | D:1      | Angani the Octopode Fighter began the quest for the Orb.
     0 | D:1      | Reached XP level 1. HP: 16/16 MP: 1/1
    34 | D:1      | Reached skill level 1 in Stealth
    92 | D:1      | Reached skill level 2 in Stealth
   120 | D:1      | Reached XP level 2. HP: 17/21 MP: 2/2
   226 | D:1      | Reached skill level 3 in Stealth
   642 | D:2      | Found a shimmering altar of Xom.
   668 | D:2      | Reached XP level 3. HP: 25/26 MP: 3/3
   714 | D:2      | Noticed Robin
   716 | D:2      | Noticed Jessica
   721 | D:3      | Reached skill level 4 in Stealth
  1170 | D:3      | Slain by an orc priest

Vault maps used:
D:1:      ncdulo_watergridlock, hangedman_decor_growths
D:2:      lemuel_doored_altar, xom_teletrap_fun, old_standard_altar,
          chequers_ecumenical_altar_simple, uniq_robin, uniq_jessica
D:3:      okawaru_altar_gauntlet_db, portal_sewer_entry_d, roderic_batcave

Skill      XL: |  1  2  3 |
---------------+----------+-----
Stealth        | 2 3 4 |  4.4
Fighting       | |  3.0
Short Blades   | |  2.0
Dodging        | |  3.0
Shields        | |  3.0

Action                   || total
-------------------------++-------
Melee: Rapier            ||    47
       Constrict         ||    12
       Tentacles         ||     9
  Use: Scroll            ||     3
 Stab: Sleeping          ||    10
Armor: Skin              ||     6
Dodge: Dodged            ||    13
Block: Shield            ||    19
